 Dungeon Crawl Stone Soup version 0.26-a0-708-g17f3b190f9 (webtiles) character file.

Game seed: 3742425505213524542

267 serber55 the Insei (level 6, -2/43 HPs)
             Began as a Demonspawn Transmuter on Oct 29, 2020.
             Was an Initiate of Ru.
             Slain by Pikel
             ... wielding a +1 whip of freezing
              (3 damage)
             ... on level 4 of the Dungeon.
             The game lasted 00:12:45 (3979 turns).

serber55 the Insei (Demonspawn Transmuter)          Turns: 3979, Time: 00:12:46

Health: -2/43      AC:  2    Str: 12    XL:     6   Next: 0%
Magic:  9/19       EV: 19    Int: 15    God:    Ru [......]
Gold:   194        SH:  0    Dex: 18    Spells: 5/11 levels left

rFire    . . .     SeeInvis .     - Unarmed
rCold    . . .     Faith    .   (shield currently unavailable)
rNeg     . . .     Spirit   .   (armour currently unavailable)
rPois    x         Reflect  .   (helmet currently unavailable)
rElec    .         Harm     .   (cloak currently unavailable)
rCorr    .         Rampage  .   (gloves currently unavailable)
MR       +....                  (boots currently unavailable)
Stlth    ++........             (no amulet)
HPRegen  0.14/turn              c - ring of magical power
MPRegen  0.16/turn              b - ring of protection from magic

@: spider-form, wereblooded, very slightly contaminated
A: tiny, foul stench 1, rot immunity
a: End Transformation, Renounce Religion


You were on level 4 of the Dungeon.
You worshipped Ru.
Ru was noncommittal.
You were a venomous arachnid creature.
You visited 2 branches of the dungeon, and saw 5 of its levels.

You collected 194 gold pieces.

Inventory:

Missiles
 d - 113 stones (quivered)
Armour
 a - a +0 robe
 n - a +2 leather armour of cold resistance (melded)
 s - a +0 cloak (melded)
Jewellery
 b - a ring of protection from magic (right front leg)
 c - a ring of magical power (left front leg)
 l - an uncursed ring of magical power
Wands
 i - a wand of disintegration (7)
Scrolls
 e - 4 scrolls of remove curse {unknown}
 g - a scroll of enchant armour {unknown}
 h - a scroll of immolation {unknown}
 j - a scroll of identify
 o - a scroll of random uselessness
 p - a scroll of teleportation {unknown}
 q - 2 scrolls of fear {unknown}
Potions
 f - a potion of haste
 k - a potion of resistance
 m - a potion of mutation {unknown}


   Skills:
 + Level 1.3 Fighting
 - Level 1.7 Dodging
 + Level 4.0 Unarmed Combat
 + Level 3.1 Spellcasting
 + Level 3.5 Transmutations
 * Level 1.8 Poison Magic


You had 5 spell levels left.
You knew the following spells:

 Your Spells              Type           Power        Failure   Level
a - Beastly Appendage     Tmut           ##....       14%         1
b - Wereblood             Tmut           ##......     19%         2
c - Spider Form           Tmut/Pois      ##........   41%         3

Your spell library contained the following spells:

 Spells                   Type           Power        Failure   Level
 Ice Form                 Ice/Tmut       #.......     85%         4
 Blade Hands              Tmut           ##........   91%         5


Dungeon Overview and Level Annotations

Branches:
Dungeon (4/15)             Temple (1/1) D:4

Altars:
Ashenzari
Cheibriados
Dithmenos
Elyvilon
Fedhas
Gozag
Hepliaklqana
Kikubaaqudgha
Nemelex Xobeh
Okawaru
Qazlal
Ru
Sif Muna
Trog
Uskayaw
Vehumet
Wu Jian
Xom
Yredelemnul
Zin
The Shining One

Annotations:
D:4 Pikel


Innate Abilities, Weirdness & Mutations

((You have sharp fingernails.))
You may emit foul miasma when damaged in melee.
You are immune to rotting.


Message History

You hit Pikel.
Pikel looks as sick as possible!
Pikel is severely wounded.
Pikel closely misses you.
You barely miss Pikel.
Pikel is severely wounded.
Pikel hits you with a +1 whip of freezing!
Pikel freezes you.
* * * LOW HITPOINT WARNING * * *
You are too injured to fight recklessly!
You are too injured to fight recklessly!
You hit Pikel but do no damage.
Pikel looks as sick as possible!
Pikel is severely wounded.
Pikel says, "Dispater doesn't talk much, but I know they dig me."
Pikel barely misses you.
You hit Pikel.
Pikel looks as sick as possible!
Pikel is severely wounded.
Pikel hits you with a +1 whip of freezing!
* * * LOW HITPOINT WARNING * * *
Pikel freezes you.
You die...

###.# ##.###......# #.#.
....# .# .......# ###..)
##### #. ##......# #...#.
.. .... #...## ## .. ...
##.#.## ...##.
###'########.....# .
......##..........#.#.#..
.#
.......#............#.###
..#
#K...#s..........##...#
... #5K##'######..#.....
.# ##.##[####...##..>..
#.#..)....#........
#...........###...#
##........#...###.#
#.#.##....#....#.#
#.#.##....#.......
#.#.##....#.....#.


You could see Pikel (extremely poisoned, sick) and a lemure.

Vanquished Creatures
  Eustachio (D:4)
  2 lemures
  An orc priest (D:4)
  Ijyb (D:4)
  2 adders
  3 leopard geckos
  4 orcs (D:4)
  5 bats
  5 giant cockroaches
  6 hobgoblins
  A quokka (D:3)
  A frilled lizard (D:4)
  6 goblins
  4 kobolds
  6 rats
48 creatures vanquished.

Notes
Turn   | Place    | Note
-------+----------+-------------------------------------------
     0 | D:1      | serber55 the Demonspawn Transmuter began the quest for the
                  | Orb.
     0 | D:1      | Reached XP level 1. HP: 15/15 MP: 3/3
   574 | D:1      | Reached skill level 3 in Unarmed Combat
   596 | D:1      | Gained mutation: You are immune to rotting. [demonic
                  | ancestry]
   596 | D:1      | Reached XP level 2. HP: 20/21 MP: 5/5
   980 | D:1      | Learned a level 2 spell: Wereblood
  1295 | D:2      | Gained mutation: You have sharp fingernails. [demonic
                  | ancestry]
  1295 | D:2      | Reached XP level 3. HP: 17/26 MP: 6/6
  1893 | D:3      | Learned a level 3 spell: Spider Form
  2089 | D:3      | Found a faded altar of an unknown god.
  2346 | D:4      | Found a staircase to the Ecumenical Temple.
  2354 | Temple   | Entered the Ecumenical Temple
  2483 | Temple   | Became a worshipper of Ru the Awakened
  2555 | D:4      | Noticed Eustachio
  2581 | D:4      | Killed Eustachio
  2581 | D:4      | Reached skill level 1 in Poison Magic
  2581 | D:4      | Gained mutation: You may emit foul miasma when damaged in
                  | melee. [demonic ancestry]
  2581 | D:4      | Reached XP level 4. HP: 13/32 MP: 8/8
  2581 | D:4      | Reached XP level 5. HP: 16/37 MP: 9/9
  2915 | D:4      | Noticed a lemure
  2916 | D:4      | Noticed Pikel
  2918 | D:4      | Killed a lemure
  2919 | D:4      | Noticed a lemure
  2937 | D:4      | Noticed a lemure
  2937 | D:4      | Noticed a lemure
  3492 | D:3      | Killed a lemure
  3796 | D:4      | Reached skill level 4 in Unarmed Combat
  3830 | D:4      | Noticed Ijyb
  3850 | D:4      | Killed Ijyb
  3901 | D:4      | Reached XP level 6. HP: 39/43 MP: 10/10
  3979 | D:4      | HP: 1/43 [Pikel/+1 whip of freezing (9)]
  3979 | D:4      | Slain by Pikel

Illustrated notes

Levels and vault maps discovered:
D:1:      minmay_arrival_three_doors, layout_rooms, serial_co_window_serial,
          co_window_paths_a, co_window_corner_a, co_window_paths_b,
          co_window_paths_b, co_window_of_opportunity_a, co_window_broadway_a,
          co_window_of_opportunity_b, co_window_2corner, glass_columns_a,
          glass_columns_b, minmay_tree_intersection, minmay_cupped
D:2:      layout_basic
D:3:      layout_basic, chequers_ecumenical_altar_simple, minmay_splitting_lines
D:4:      layout_basic, kennysheep_mini_moat, minmay_temple_entry_slanted,
          uniq_eustachio, uniq_pikel, uniq_ijyb
Temple:   kilobyte_greek_temple

Skill      XL: |  1  2  3  4  5 |
---------------+----------------+-----
Unarmed Combat | 3 4 |  4.0
Transmutations | 2 3 |  3.5
Poison Magic   | 1 |  1.8
Spellcasting   | 3 |  3.1
Fighting       | |  1.3
Dodging        | |  1.7

Action                   |  1- 3 |  4- 6 || total
-------------------------+-------+-------++-------
Melee: Unarmed           |   116 |    71 ||   187
       Headbutt          |    11 |     5 ||    16
       Kick              |    12 |     7 ||    19
 Cast: Beastly Appendage |    24 |     5 ||    29
       Wereblood         |     2 |     4 ||     6
       Spider Form       |     2 |     4 ||     6
Evoke: Wand              |     1 |     7 ||     8
  Use: Potion            |     1 |     6 ||     7
       Scroll            |       |     1 ||     1
 Stab: Sleeping          |     4 |       ||     4
Armor: Robe              |    22 |     5 ||    27
       Leather armour    |       |     8 ||     8
       Skin              |       |     1 ||     1
Dodge: Dodged            |    78 |    48 ||   126

Table legend: (Time is in decaauts)
 A = Elapsed time spent in this place.
 B = Non-inter-level travel time spent in this place.
 C = Inter-level travel time spent in this place.
 D = Time resting spent in this place.
 E = Time spent auto-exploring this place.
 F = Levels seen in this place.
 G = Mean time per level.
                   A        B        C        D        E       F      G
               +--------+--------+--------+--------+--------+-----+--------+
         Total |   3950 |   3812 |    138 |   1076 |   2198 |   5 |  790.0 |
       Dungeon |   3778 |   3676 |    102 |   1076 |   2072 |   4 |  944.5 |
        Temple |    171 |    135 |     36 |      0 |    126 |   1 |  171.0 |
               +--------+--------+--------+--------+--------+-----+--------+

Top non-repeatable levels by time:
     D:3: 1147 daAuts
     D:1: 1018 daAuts
     D:2: 838 daAuts
     D:4: 774 daAuts
  Temple: 171 daAuts
